 Dungeon Crawl Stone Soup version 0.29-a0-322-g68df515428 (webtiles) character file.

Game seed: 2104156189702835245

8449 quinnr the Stormcaller (level 11, -11/61 HPs)
             Began as a Tengu Air Elementalist on Apr 6, 2022.
             Was an Initiate of Yredelemnul.
             Mangled by a hornet (15 damage)
             ... on level 9 of the Dungeon.
             The game lasted 00:36:59 (16470 turns).

quinnr the Stormcaller (Tengu Air Elementalist)    Turns: 16470, Time: 00:36:59

Health: -11/61     AC:  2    Str:  9    XL:     11   Next: 31%
Magic:  5/18       EV: 18    Int: 20    God:    Yredelemnul [......]
Gold:   589        SH:  8    Dex: 14    Spells: 8/18 levels left

rFire   . . .      SeeInvis .   P - staff of poison
rCold   . . .      Faith    .   o - +3 warlock's mirror {reflect}
rNeg    . . .      Spirit   .   a - +0 robe
rPois   +          Reflect  +   (helmet restricted)
rElec   .          Harm     .   (no cloak)
rCorr   .          Rampage  .   (no gloves)
Will    .....                   (boots unavailable)
Stlth   +++.......              J - amulet of the acrobat
HPRegen 0.20/turn               (no ring)
MPRegen 0.16/turn               (no ring)

@: flying quickly and evasively, studying Armour, quick
A: beak, talons 3, nimble flight
a: Renounce Religion, Recall Undead Harvest


You were on level 9 of the Dungeon.
You worshipped Yredelemnul.
Yredelemnul was noncommittal.
You visited 2 branches of the dungeon, and saw 10 of its levels.
You also visited: Ossuary and Bailey.

You collected 589 gold pieces.

Inventory:

Hand Weapons
 p - a +2 dagger of speed
 y - the +3 whip of Malaise {flame, Dex+3}
   (You found it on level 4 of the Dungeon)

   It burns those it strikes, dealing additional fire damage.
   Dex:       It affects your dexterity (+3).
 I - a +1 spear of venom
 L - a +2 whip of electrocution
 M - the +6 mace "Quasugh" {antimagic, +Blink Str-3 Dex+2}
   (You found it on level 5 of the Dungeon)

   It reduces the magical energy of the wielder, and disrupts the spells and
   magical abilities of those it strikes.
   Natural abilities and divine invocations are not affected.
   Str:       It affects your strength (-3).
   Dex:       It affects your dexterity (+2).
   +Blink:    It lets you blink.
Missiles
 j - 3 throwing nets
 l - 9 poisoned darts
Armour
 a - a +0 robe (worn)
 g - +0 storm dragon scales
 o - the +3 warlock's mirror (worn) {reflect}
   (You found it on level 2 of the Dungeon)

   It can block and reflect piercing ranged attacks and magical attacks against
   the wielder's willpower.
Magical Staves
 k - a staff of cold
 P - a staff of poison (weapon)
 R - a staff of earth
Jewellery
 c - a ring of fire
 r - an amulet of guardian spirit
 v - an amulet of the acrobat
 D - a ring of ice
 J - an amulet of the acrobat (around neck)
Wands
 E - a wand of flame (29)
 S - a wand of polymorph (12)
 V - a wand of iceblast (3)
Scrolls
 f - 3 scrolls of amnesia {unknown}
 i - a scroll of blinking {unknown}
 n - 8 scrolls of teleportation
 s - 2 scrolls of brand weapon {unknown}
 t - 4 scrolls of fear {unknown}
 u - 2 scrolls of immolation {unknown}
 C - 4 scrolls of enchant weapon {unknown}
 N - a scroll of vulnerability {unknown}
 O - a scroll of torment {unknown}
 Q - a scroll of enchant armour {unknown}
 T - a scroll of identify
 U - a scroll of fog {unknown}
Potions
 b - 4 potions of magic
 d - 2 potions of brilliance {unknown}
 e - 6 potions of curing
 h - 3 potions of flight {unknown}
 m - 2 potions of cancellation {unknown}
 q - 7 potions of mutation {unknown}
 w - a potion of might {unknown}
 x - 2 potions of lignification {unknown}
 z - a potion of invisibility {unknown}
 A - 5 potions of heal wounds {unknown}
 B - 2 potions of berserk rage {unknown}
 F - 2 potions of attraction
 G - 2 potions of resistance
 H - a potion of haste
 K - a potion of degeneration


   Skills:
 - Level 4.0 Fighting
 - Level 3.0 Armour
 + Level 7.5 Dodging
 + Level 4.8 Stealth
 - Level 4.0 Shields
 - Level 4.0 Spellcasting
 - Level 1.3 Conjurations
 - Level 4.0 Summonings
 + Level 17.0 Air Magic


You had 8 spell levels left.
You knew the following spells:

 Your Spells              Type           Power      Damage    Failure   Level
a - Shock                 Conj/Air       100%       1d9       1%          1
b - Static Discharge      Conj/Air       40%        N/A       1%          2
c - Airstrike             Air            32%        N/A       1%          4
d - Call Canine Familiar  Summ           20%        N/A       10%         3

Your spell library contained the following spells:

 Spells                   Type           Power      Damage    Failure   Level
 Swiftness                Air            64%        N/A       1%          3
 Summon Small Mammal      Summ           80%        N/A       3%          1
 Animate Skeleton         Necr           8%         N/A       16%         1
 Pain                     Necr           16%        1d4       16%         1
 Summon Guardian Golem    Hex/Summ       12%        N/A       22%         3
 Scorch                   Fire           8%         2d5       24%         2
 Vampiric Draining        Necr           4%         2d6       43%         3
 Flame Wave               Conj/Fire      6%         2d5       77%         4
 Cause Fear               Hex            2%         N/A       85%         4
 Summon Cactus Giant      Summ           10%        N/A       99%         6
 Dragon Form              Tmut           2%         N/A       100%        7
 Dragon's Call            Summ           10%        N/A       100%        9


Dungeon Overview and Level Annotations

Branches:
Dungeon (9/15)             Temple (1/1) D:7         Ossuary (visited)
 Bailey (visited)
   Lair: D:8-11         Orc: D:9-12

Altars:
Ashenzari
Cheibriados
Dithmenos
Elyvilon
Fedhas
Gozag
Hepliaklqana
Kikubaaqudgha
Makhleb
Nemelex Xobeh
Okawaru
Qazlal
Ru
Sif Muna
Trog
Uskayaw
Vehumet
Wu Jian
Xom
Yredelemnul
Zin
The Shining One

Shops:
D:2 (

Annotations:
D:6 2 runed translucent doors, Psyclone's ghost, novice OpIE
D:9 Maggie


Innate Abilities, Weirdness & Mutations

You have a beak for a mouth.
You have claws for feet.
Your magical nature lets you fly swiftly and evasively.


Message History

Your magical contamination has completely faded away.
Unknown command.
You hit the hornet. Your kick misses the hornet.
You peck the hornet, but do no damage.
The hornet is heavily wounded.
Your hound closely misses the hornet.
The hornet closely misses you.
Your hound completely misses the hornet.
The hornet stings you!
Unknown command.
Casting: Static Discharge (safe; 1% risk of failure)
Confirm with . or Enter, or press ? or * to list all spells.
Aiming: Shock (safe; 1% risk of failure)
Press: ? - help, Shift-Dir - straight line, p - hornet
Okay, then.
Casting: Shock (safe; 1% risk of failure)
Confirm with . or Enter, or press ? or * to list all spells.
Aiming: Airstrike (safe; 1% risk of failure)
Press: ? - help, Dir - move target, f - Maggie, p - hornet
Aim: Maggie, wielding a +0 halberd and wearing +0 steam dragon scales (lightly wounded, empty space bonus: 3/8)
The air twists around and strikes Maggie!
Maggie is lightly wounded.
Your hound barely misses the hornet.
Maggie closely misses your hound. The hornet stings you!
Your hound misses the hornet.
Unknown command.
Maggie completely misses your hound. The hornet attacks as you move away!
The hornet stings you but does no damage.
The hornet misses you.
Your hound barely misses the hornet.
Maggie mumbles the words to a spell, but in the wrong order.
The hornet closely misses you. The hornet attacks as you move away!
The hornet stings you!
Your hound closely misses the hornet.
The hornet attacks as you move away! The hornet stings you!
* * * LOW HITPOINT WARNING * * *
You feel better. The hornet stings you!
* * * LOW HITPOINT WARNING * * *
Your hound bites the hornet.
The hornet stings you!
You die...
Your body rises from the dead as a mindless zombie.

#.##..# ##.# #...
##..# #### #.@##
##.## #..# ..
#h##
....###y######
....†...@....#
...####.####.# .
#.# . ##.# . #..#
. ###.## .
####...# .
#....###
.########.#####..


You could see a hornet and a friendly hound (summoned).

Vanquished Creatures
  Erica (D:9)
  A two-headed ogre (D:9)
  Pikel (D:5)
  Joseph (D:7)
  Grinder (D:5)
  A vampire (D:9)
  6 yaks (D:7)
  2 steam dragons
  Menkaure (D:7)
  Edmund (D:5)
  Duvessa (D:6)
  2 ice beasts
  An orc warrior (D:6)
  3 sky beasts (D:6)
  A centaur (D:8)
  An ogre (D:5)
  A phantom (D:4)
  An elf zombie (D:5)
  A gnoll sergeant (D:6)
  3 elf skeletons (D:5)
  A water moccasin zombie (Ossuary)
  3 wyvern zombies (Ossuary)
  11 wights
  2 scorpions (D:4)
  Dowan (D:6)
  3 killer bees (D:8)
  5 wolf zombies (Bailey)
  9 vampire bats (Bailey)
  2 howler monkeys
  A crimson imp (D:6)
  10 bullfrog zombies (Ossuary)
  2 centaur zombies (Ossuary)
  4 orc priests
  2 jellies
  A human zombie (D:5)
  3 hounds
  3 iguanas
  A human skeleton (D:5)
  Natasha (twice) (D:4)
  6 orc wizards
  A killer bee zombie (Ossuary)
  16 mummies
  A howler monkey zombie (Ossuary)
  12 gnolls
  A river rat (D:9)
  8 adders
  A worm (D:2)
  5 dart slugs
  32 orcs
  11 endoplasms
  6 giant cockroaches
  5 goblins
  8 hobgoblins
  6 quokkas
  4 ball pythons
  4 bats
  3 frilled lizards
  2 goblin skeletons (D:6)
  A goblin zombie (D:6)
  4 hobgoblin zombies
  8 kobolds
  A kobold skeleton (D:6)
  3 orc skeletons (D:5)
  17 orc zombies
  6 rats
269 creatures vanquished.

Vanquished Creatures (collateral kills)
  A gargoyle (Bailey)
  A quokka (D:9)
2 creatures vanquished.

Vanquished Creatures (others)
  A steam dragon zombie (D:9)
  8 withered plants (Ossuary)
9 creatures vanquished.

Grand Total: 280 creatures vanquished

Notes
Turn   | Place    | Note
-------+----------+-------------------------------------------
     0 | D:1      | quinnr the Tengu Air Elementalist began the quest for the
                  | Orb.
     0 | D:1      | Reached XP level 1. HP: 10/10 MP: 4/4
     0 | D:1      | quinnr: ??ignis
     0 | D:1      | beem: ignis[1/6]: A fire god who's nearly gone out.
                  | Followers start with 150 piety (more with monk bonus) and
                  | no piety decay, but can never gain more. Grants {sea of
                  | fire}, {foxfire swarm}, {rising flame}, and passive rF.
     0 | D:1      | quinnr: ??ignis[2
     0 | D:1      | beem: ignis[2/6]: Sea of Fire: Casts {conjure flame} on
                  | every unoccupied space in sight, filling the area with
                  | flame after everyone (you and monsters) get one more turn.
                  | Try not to block yourself in! Costs about 6-9 piety.
     0 | D:1      | quinnr: ??ignis[3
     0 | D:1      | beem: ignis[3/6]: Foxfire Swarm: Creates {foxfire} in every
                  | unoccupied space in radius of the user. (Best case is
                  | 24x1d6 damage.) Wipes out almost anything early game, but
                  | near-useless against AC. Costs about 9-14 piety.
     0 | D:1      | quinnr: ??ignis[4
     0 | D:1      | beem: ignis[4/6]: Rising Flame: after 2-4 turns, blasts the
                  | player through the ceiling and into the floor above. Very
                  | funny to use in Zot:5. Costs about 24-36 piety.
     0 | D:1      | quinnr: ??ignis[5
     0 | D:1      | beem: ignis[5/6]: Wrath: randomly either 2-3 {fire
                  | elemental}s, {shaft}, or 'fire champion', making the
                  | highest HD enemy in sight cover ground 50% faster & do
                  | AF_FIRE damage. Lasts a shorter time than any other god.
     0 | D:1      | quinnr: ??ignis[6
     0 | D:1      | beem: ignis[6/6]: https://github.com/crawl/crawl/pull/2069
   407 | D:1      | Reached XP level 2. HP: 15/15 MP: 0/6
   513 | D:1      | Reached skill level 5 in Air Magic
   563 | D:1      | Found a faded altar of an unknown god.
  1108 | D:2      | Reached XP level 3. HP: 19/19 MP: 2/7
  1574 | D:2      | Found the +3 warlock's mirror {reflect}
  1745 | D:2      | Reached skill level 6 in Air Magic
  1918 | D:2      | Reached XP level 4. HP: 18/24 MP: 3/8
  2056 | D:2      | Found Lenoul's Weapon Shoppe.
  2061 | D:2      | Reached skill level 1 in Shields
  2662 | D:2      | Learned a level 2 spell: Static Discharge
  2667 | D:2      | Learned a level 4 spell: Airstrike
  3232 | D:3      | Gained mutation: Your magical nature lets you fly swiftly
                  | and evasively. [Tengu growth]
  3232 | D:3      | Reached XP level 5. HP: 18/28 MP: 0/9
  3907 | D:4      | Noticed a phantom
  4224 | D:4      | Identified the +3 whip of Malaise {flame, Dex+3}
  4230 | D:4      | Reached skill level 7 in Air Magic
  4553 | D:4      | Reached XP level 6. HP: 24/32 MP: 0/10
  5007 | D:4      | Reached skill level 8 in Air Magic
  5188 | D:4      | Noticed Natasha
  5206 | D:4      | Killed Natasha
  5277 | D:4      | Noticed Natasha
  5296 | D:4      | Killed Natasha
  5360 | D:5      | Entered Level 5 of the Dungeon
  5360 | D:5      | Noticed Grinder
  5372 | D:5      | Killed Grinder
  5373 | D:5      | Reached skill level 9 in Air Magic
  5373 | D:5      | Reached XP level 7. HP: 20/36 MP: 1/11
  5402 | D:5      | Noticed Pikel
  5585 | D:5      | Reached skill level 10 in Air Magic
  5791 | D:5      | Reached XP level 8. HP: 26/41 MP: 7/12
  5842 | D:5      | Reached skill level 11 in Air Magic
  5904 | D:5      | Found a sand-covered staircase.
  5922 | Ossuary  | Entered an ossuary
  6053 | Ossuary  | Reached skill level 12 in Air Magic
  6364 | Ossuary  | Reached skill level 13 in Air Magic
  6636 | Ossuary  | Reached XP level 9. HP: 37/45 MP: 5/13
  6735 | Ossuary  | Reached skill level 14 in Air Magic
  6948 | Ossuary  | Reached skill level 1 in Armour
  7375 | D:5      | Reached skill level 1 in Fighting
  7567 | D:6      | Noticed Duvessa
  7567 | D:6      | Noticed Dowan
  7671 | D:5      | Noticed Edmund
  7681 | D:5      | Killed Edmund
  7814 | D:5      | Killed Pikel
  7975 | D:5      | Identified the +6 mace "Quasugh" {antimagic, +Blink Str-3
                  | Dex+2}
  8636 | D:6      | Killed Duvessa
  8728 | D:6      | Killed Dowan
  8934 | D:6      | Found a glowing golden altar of the Shining One.
  9151 | D:6      | Reached skill level 15 in Air Magic
  9533 | D:6      | Found a runed translucent door.
  9534 | D:6      | Noticed Psyclone's ghost (novice OpIE)
  9561 | D:6      | Reached skill level 5 in Dodging
  9561 | D:6      | Reached XP level 10. HP: 56/56 MP: 5/14
 10167 | D:6      | Found a runed translucent door.
 10641 | D:7      | Found a staircase to the Ecumenical Temple.
 10667 | D:7      | Found a flagged portal.
 10869 | Bailey   | Entered a bailey
 11483 | Bailey   | Noticed a gargoyle
 11494 | Bailey   | Killed a gargoyle
 11529 | Bailey   | Identified the +2 scale mail of the Worm {rF+}
 12084 | D:7      | Noticed Joseph
 12090 | D:7      | HP: 4/56 [Joseph/sling bullet (21)]
 12092 | D:7      | Killed Joseph
 12093 | D:7      | Reached skill level 16 in Air Magic
 12642 | D:7      | Learned a level 3 spell: Call Canine Familiar
 12747 | D:7      | Noticed Menkaure
 12750 | D:7      | Killed Menkaure
 13084 | D:7      | Reached skill level 1 in Summonings
 13833 | D:8      | Reached XP level 11. HP: 61/61 MP: 4/18
 14615 | D:9      | Noticed a death yak
 14615 | D:9      | Noticed a death yak
 14846 | D:9      | Noticed a two-headed ogre
 14851 | D:9      | Killed a two-headed ogre
 15659 | D:9      | Noticed Erica
 15671 | D:9      | Killed Erica
 15672 | D:9      | Reached skill level 17 in Air Magic
 15964 | Temple   | Entered the Ecumenical Temple
 16074 | Temple   | Became a worshipper of Yredelemnul the Dark
 16450 | D:9      | Noticed Maggie
 16469 | D:9      | HP: 4/61 [hornet (15)]
 16470 | D:9      | Mangled by a hornet

Illustrated notes

Levels and vault maps discovered:
D:1:      lemuel_arrival_behind_the_door_small, layout_basic,
          ebering_ecumenical_altar_mist
D:2:      layout_basic, serial_shops, nicolae_shop_trees
D:3:      layout_rooms, item_on_display_a
D:4:      layout_basic, st_stairs_1, uniq_natasha
D:5:      layout_basic, nicolae_ossuary_entry_catacombs, minmay_mini_ossuary,
          uniq_grinder, uniq_pikel, uniq_edmund
D:6:      layout_loops_corners, nicolae_tso_besieged_by_evil,
          ebering_ghost_sewer_f, uniq_duvessa
D:7:      layout_cave_pods, temple_pool_b, enter_bailey_2, uniq_menkaure,
          uniq_joseph
D:8:      layout_rooms, serial_glass, glass_columns_a, glass_columns_a,
          minmay_door_square, corexii_checkpoint_b
D:9:      layout_rooms, dpeg_lair_monsters, grunt_ministairs_5,
          minmay_misc_feat_pillars, uniq_erica, uniq_maggie
Temple:   mainiacjoe_temple_archimedes_tessellation

Skill      XL: |  1  2  3  4  5  6  7  8  9 10 11 |
---------------+----------------------------------+-----
Air Magic      | 5 6 7 9 10 13 15 16 17 | 17.0
Shields        | 2 3 4 |  4.0
Armour         | 3 |  3.0
Fighting       | 4 |  4.0
Dodging        | 5 6 7 |  7.5
Spellcasting   | 4 |  4.0
Summonings     | 2 4 |  4.0
Stealth        | 3 4 |  4.8
Conjurations   | |  1.3

Action                   |  1- 3 |  4- 6 |  7- 9 | 10-12 || total
-------------------------+-------+-------+-------+-------++-------
Melee: Unarmed           |     6 |       |       |       ||     6
       Peck              |     1 |     7 |    19 |     3 ||    30
       Kick              |     1 |     3 |    38 |     2 ||    44
       Dagger            |       |     4 |    58 |       ||    62
       Staff             |       |     8 |       |    10 ||    18
       Whip              |       |     4 |    33 |       ||    37
       Spear             |       |       |       |     3 ||     3
Throw: Dart              |       |     2 |     1 |       ||     3
 Cast: Shock             |    85 |   120 |   212 |   248 ||   665
       Static Discharge  |       |    14 |    33 |    19 ||    66
       Airstrike         |       |     3 |    16 |    43 ||    62
       Call Canine Famil |       |       |       |     5 ||     5
Evoke: Wand              |       |       |     2 |     6 ||     8
  Use: Scroll            |       |       |     8 |     3 ||    11
       Potion            |       |       |     2 |     3 ||     5
 Stab: Sleeping          |       |       |     3 |       ||     3
Armor: Robe              |     3 |     2 |    11 |     9 ||    25
Dodge: Dodged            |    21 |    20 |    53 |    86 ||   180
Block: Buckler           |     3 |    18 |    68 |    42 ||   131
       Reflection        |       |     5 |     2 |     4 ||    11

Table legend: (Time is in decaauts)
 A = Elapsed time spent in this place.
 B = Non-inter-level travel time spent in this place.
 C = Inter-level travel time spent in this place.
 D = Time resting spent in this place.
 E = Time spent auto-exploring this place.
 F = Levels seen in this place.
 G = Mean time per level.
                   A        B        C        D        E       F      G
               +--------+--------+--------+--------+--------+-----+--------+
         Total |  15967 |  15202 |    765 |   4010 |   8676 |  12 | 1330.6 |
       Dungeon |  13810 |  13108 |    702 |   3038 |   8168 |   9 | 1534.4 |
        Temple |    208 |    145 |     63 |      0 |    129 |   1 |  208.0 |
       Ossuary |   1266 |   1266 |      0 |    626 |    357 |   1 | 1266.0 |
        Bailey |    681 |    681 |      0 |    345 |     20 |   1 |  681.0 |
               +--------+--------+--------+--------+--------+-----+--------+

Top non-repeatable levels by time:
     D:7: 2371 daAuts
     D:4: 1973 daAuts
     D:6: 1805 daAuts
     D:2: 1713 daAuts
     D:8: 1646 daAuts
     D:5: 1600 daAuts
 Ossuary: 1266 daAuts
     D:3: 1002 daAuts
     D:1: 967 daAuts
     D:9: 729 daAuts
  Bailey: 681 daAuts
  Temple: 208 daAuts
